 Dungeon Crawl Stone Soup version 0.17-a0-1572-g7a1422d (console) character file.

2517 siepu the Schismatic (level 9, -10/70 HPs)
             Began as a Ghoul Abyssal Knight on July 25, 2015.
             Was an Elder of Lugonu.
             Killed by divine providence
             ... invoked by an orc priest
              (17 damage)
             ... on level 7 of the Dungeon.
             The game lasted 00:25:33 (9359 turns).

siepu the Schismatic (Ghoul Abyssal Knight)         Turns: 9359, Time: 00:25:33

Health: -10/70     AC: 10    Str: 16    XL:     9   Next: 54%
Magic:  15/15      EV:  9    Int:  9    God:    Lugonu [****..]
Gold:   280        SH:  0    Dex: 11    Spells: 0 memorised, 8 levels left

rFire  + + .     SeeInvis .     e - +1 mace {freeze, +Rage Int+2 Stlth-} (curse)
rCold  . . .     Clarity  .     h - +1 fire dragon armour
rNeg   + + +     SustAt   .     (no shield)
rPois  ∞         Gourm    .     F - +0 helmet
rElec  .         Spirit   .     (no cloak)
rCorr  .         Warding  +     (no gloves)
rMut   .         Stasis   .     (no boots)
MR     .....                    f - amulet of warding
Stlth  ..........               (no ring)
                                (no ring)

@: rotting, not resistant to hostile enchantments, extremely unstealthy
A: rotting body, claws 1, carnivore 3, cold resistance 1, negative energy
resistance 3, slow healing 1, torment resistance, unbreathing
a: Depart the Abyss, Bend Space, Banish, Corrupt, Renounce Religion


You were on level 7 of the Dungeon.
You worshipped Lugonu.
Lugonu was greatly pleased with you.
You were not hungry.

You visited 2 branches of the dungeon, and saw 8 of its levels.
You visited the Abyss 1 time.

You collected 280 gold pieces.

Inventory:

Hand weapons
 a - a +2 falchion
 e - the cursed +1 mace of Hatonnyrph (weapon) {freeze, +Rage Int+2 Stlth-}
   (You found it on level 7 of the Dungeon)

   It has been specially enchanted to freeze those struck by it, causing extra
   injury to most foes and up to half again as much damage against particularly
   susceptible opponents.
   It can also slow down cold-blooded creatures.
   It affects your intelligence (+2).
   It lets you go berserk.
   It makes you less stealthy.
   It has a curse placed upon it.
 B - a cursed -1 hand crossbow
Missiles
 u - 3 javelins (quivered)
 C - 42 bolts
Armour
 h - a +1 fire dragon armour (worn)
 F - a +0 helmet (worn)
Magical staves
 i - an uncursed staff of conjuration
Rods
 b - a +0 iron rod (14/14)
   (You found it on level 5 of the Dungeon)
Jewellery
 f - an amulet of warding (around neck)
 K - an uncursed amulet of resist mutation
Magical devices
 g - a wand of frost (32)
 t - a wand of heal wounds (3)
 A - a wand of magic darts (29)
Scrolls
 d - a scroll of fog
 o - 2 scrolls of identify
 q - a scroll of teleportation {unknown}
 w - a scroll of blinking
 y - a scroll of enchant armour
 D - 2 scrolls of recharging {unknown}
Potions
 k - a potion of invisibility {unknown}
 l - a potion of might {unknown}
 m - 3 potions of degeneration {unknown}
 n - 2 potions of curing {unknown}
 r - a potion of cure mutation {unknown}
 x - 2 potions of heal wounds {unknown}
 E - a potion of brilliance {unknown}
 I - 2 potions of agility {unknown}
 J - a potion of lignification {unknown}
Books
 v - a book of Party Tricks

   Spells                             Type                      Level
   a - Summon Butterflies             Summoning                    1
   b - Apportation                    Translocation                1
   c - Tukima's Dance                 Hexes                        3
   d - Alistair's Intoxication        Transmutation/Poison         4
   e - Invisibility                   Hexes                        6
 z - a book of Air

   Spells                             Type                      Level
   a - Shock                          Conjuration/Air              1
   b - Swiftness                      Charms/Air                   2
   c - Repel Missiles                 Charms/Air                   2
   d - Static Discharge               Conjuration/Air              3
   e - Lightning Bolt                 Conjuration/Air              5
 H - a book of Power

   Spells                             Type                      Level
   a - Fulminant Prism                Conjuration/Hexes            4
   b - Iskenderun's Mystic Blast      Conjuration                  4
   c - Venom Bolt                     Conjuration/Poison           5
   d - Bolt of Magma                  Conjuration/Fire/Earth       5
   e - Iron Shot                      Conjuration/Earth            6
   f - Orb of Destruction             Conjuration                  7
   g - Spellforged Servitor           Conjuration/Summoning        7
Comestibles
 c - 2 meat rations
 j - 4 slices of pizza
 p - 2 beef jerkies
 G - 4 chunks of flesh
 L - a royal jelly


   Skills:
 - Level 3.6 Fighting
 + Level 8.3 Long Blades
 - Level 2.0 Armour
 - Level 0.8 Dodging
 + Level 9.9 Invocations


You had 8 spell levels left.
You didn't know any spells.

Dungeon Overview and Level Annotations

Branches:
Dungeon (7/15)             Temple (1/1) D:5

Altars:
Ashenzari
Cheibriados
Dithmenos
Elyvilon
Fedhas
Gozag
Kikubaaqudgha
Makhleb
Nemelex Xobeh
Okawaru
Qazlal
Ru
Sif Muna
Trog
Vehumet
Xom
Yredelemnul
Zin
The Shining One

Shops:
D:6 }

Annotations:
D:7 Joseph
Abyss:1 Dowan, Grinder, Natasha, Prince Ribbit


Innate Abilities, Weirdness & Mutations

Your body is rotting away.
You thrive on raw meat.
You are immune to poison.
You have sharp fingernails.
You are carnivorous and can eat meat at any time.
Your flesh is cold resistant.
You are immune to negative energy.
You heal slowly when monsters are visible.
You are immune to unholy pain and torment.
You can survive without breathing.


Message History

Joseph shouts, "I love to fight!
I love killing!"
Joseph shoots a sling bullet of frost.
The sling bullet of frost hits you.
* * * LOW HITPOINT WARNING * * *
The sling bullet of frost freezes you.
* * * LOW HITPOINT WARNING * * *
The orc wizard casts a spell at you. The puff of frost misses you.
Read which item? (? for menu, Esc to quit)
As you read the scroll of fear, it crumbles to dust.
You assume a fearsome visage.
Joseph looks frightened!
The orc wizard looks frightened!
The worker ant zombie is unaffected.
The orc wizard casts a spell.
The orc wizard flickers and vanishes!
Deactivating autopickup; reactivate with Ctrl-A.
The worker ant zombie bites you but does no damage.
Joseph drinks a potion.
Joseph seems to speed up.
The orc priest miscasts a cantrip.
The orc priest invokes the aid of Beogh against you.
Something smites you!
You die...

#..)....... #. #.#..###......
#.......... #.##.#..<........
##.oo.....# #..........#.....
##.o....## ###.#....#.#.....
#o###### #.####.#....#.###### #§#
#...........#.# #§#
#####.#.....#.# #.. #####§#
###.........# #.# #.{§§§#
###@..........####.# #.§§o§#
####.Z.###............. #.§§.§#
#..o.#####........#....
#.....#####.######.....#.........
#........oo............#.........
#.....................##.........
#.....................#........##
#................................
#####..................#........#


You could see 2 orc priests, an orc and a worker ant zombie.

Vanquished Creatures
  Sigmund (D:6)
  Duvessa (D:6)
  A sky beast (D:6)
  3 centaurs
  A phantom (D:5)
  3 ogres
  Blork the orc (D:5)
  2 giant frogs
  A scorpion (D:5)
  2 orc priests
  3 jellies
  A giant frog zombie (D:5)
  7 crimson imps
  A giant frog skeleton (D:6)
  3 orc wizards
  Jessica (D:3)
  A hound (D:5)
  A worker ant (D:4)
  A hound zombie (D:5)
  12 adders
  A shadow imp (D:5)
  An ooze (D:3)
  2 worms
  8 giant geckos
  26 orcs
  15 bats
  10 goblins
  15 hobgoblins
  8 jackals
  14 kobolds
  4 quokkas
  3 ball pythons
  8 giant cockroaches
  9 giant newts
  6 goblin skeletons (D:5)
  A hobgoblin zombie (D:5)
  A kobold zombie (D:5)
  An orc zombie (D:5)
  A quokka zombie (D:6)
  16 rats
197 creatures vanquished.

Vanquished Creatures (others)
  2 orc warriors (D:6)
  A hound (D:3)
  An iguana (D:3)
4 creatures vanquished.

Grand Total: 201 creatures vanquished

Notes
Turn   | Place    | Note
--------------------------------------------------------------
     0 | Abyss:1  | siepu the Ghoul Abyssal Knight began the quest for the Orb.
     0 | Abyss:1  | Reached XP level 1. HP: 19/19 MP: 1/1
     7 | D:1      | Escaped the Abyss
   137 | D:1      | Reached XP level 2. HP: 18/25 MP: 2/2
   296 | D:1      | Acquired Lugonu's second power
   582 | D:1      | Reached XP level 3. HP: 19/31 MP: 4/4
  1609 | D:2      | Reached XP level 4. HP: 14/37 MP: 5/5
  1860 | D:2      | Acquired Lugonu's third power
  2859 | D:3      | Reached XP level 5. HP: 40/45 MP: 6/6
  2954 | D:3      | Reached skill level 4 in Invocations
  3102 | D:3      | Found a faded altar to an unknown god.
  3139 | D:3      | Noticed Grinder
  3148 | D:3      | Paralysed by Grinder for 4 turns
  3154 | D:3      | Banished Grinder
  3154 | D:3      | Reached XP level 6. HP: 50/50 MP: 8/8
  3225 | D:3      | Noticed Natasha
  3235 | D:3      | Banished Natasha
  3831 | D:3      | Found a sparkling altar of Nemelex Xobeh.
  3834 | D:3      | Found an ancient bone altar of Kikubaaqudgha.
  3850 | D:3      | Found a stormy altar of Qazlal.
  3948 | D:3      | Found a shattered altar of Ashenzari.
  3954 | D:3      | Noticed Jessica
  3977 | D:3      | Killed Jessica
  3977 | D:3      | Reached skill level 5 in Invocations
  3986 | D:3      | Found a sacrificial altar of Ru.
  4906 | D:4      | Reached XP level 7. HP: 17/57 MP: 10/10
  5222 | D:4      | Acquired Lugonu's fourth power
  5277 | D:4      | Reached skill level 5 in Long Blades
  5409 | D:4      | Reached skill level 6 in Invocations
  5677 | D:5      | Entered Level 5 of the Dungeon
  6178 | D:5      | Found a staircase to the Ecumenical Temple.
  6216 | Temple   | Entered the Ecumenical Temple
  6516 | D:5      | Reached XP level 8. HP: 57/60 MP: 12/12
  6592 | D:5      | Found a glowing golden altar of the Shining One.
  6594 | D:5      | Noticed Blork the orc
  6611 | D:5      | Reached skill level 7 in Invocations
  6636 | D:5      | Killed Blork the orc
  7725 | D:6      | Reached skill level 8 in Invocations
  7740 | D:6      | Noticed Prince Ribbit
  7831 | D:6      | Found Zaassuwn's Gadget Shop.
  7851 | D:6      | Banished Prince Ribbit
  8025 | D:6      | Noticed Sigmund
  8053 | D:6      | Killed Sigmund
  8053 | D:6      | Reached XP level 9. HP: 15/70 MP: 6/14
  8395 | D:6      | Reached skill level 9 in Invocations
  8466 | D:6      | Noticed Dowan
  8466 | D:6      | Noticed Duvessa
  8490 | D:6      | Killed Duvessa
  8496 | D:6      | Banished Dowan
  9163 | D:7      | Got a fine mace
  9164 | D:7      | Identified the cursed +1 mace of Hatonnyrph {freeze, +Rage Int+2 Stlth-} (You found it on level 7 of the Dungeon)
  9168 | D:7      | Noticed Joseph
  9286 | D:7      | Found a glowing silver altar of Zin.
  9286 | D:7      | Noticed an angel
  9359 | D:7      | Killed from afar by an orc priest

Vault maps used:
D:1:      minmay_arrival_stair_chambers, serial_bayou_pond_b
D:2:      hex_medium
D:3:      grunt_temple_overflow_diamond, cheibrodos_ashenzari_chains,
          nicolae_ru_awakened_eye, first_bread, ecumenical_altar_2,
          saegor_snake_ambush, uniq_natasha, uniq_jessica, uniq_grinder
D:5:      nicolae_tso_besieged_by_evil, temple_fountains, uniq_blork_the_orc
D:6:      serial_shops, shop, uniq_sigmund, uniq_prince_ribbit1, uniq_duvessa
D:7:      zin_angel, uniq_joseph
Temple:   oiseaux_autumnal_temple_12

Action                   |  1- 3 |  4- 6 |  7- 9 || total
-------------------------+-------+-------+-------++-------
Melee: Falchion          |   142 |    41 |   631 ||   814
       Staff             |    62 |   474 |       ||   536
       Mace              |       |       |    19 ||    19
Throw: Stone             |       |     6 |     6 ||    12
       Javelin           |       |       |     2 ||     2
Invok: Banish            |       |     5 |     7 ||    12
  Use: Scroll            |     4 |     4 |     5 ||    13
  Eat: Chunk             |    17 |    41 |    52 ||   110
